 Dungeon Crawl Stone Soup version 0.17.2-1-ge4368a0 (webtiles) character file.

20 Khazaran the Magician (level 2, -1/19 HPs)
             Began as a Mummy Wizard on Oct 25, 2017.
             Slain by a giant gecko (4 damage)
             ... on level 1 of the Dungeon.
             The game lasted 00:01:14 (927 turns).

Khazaran the Magician (Mummy Wizard)                 Turns: 927, Time: 00:01:14

Health: -1/19      AC:  2    Str: 10    XL:     2   Next: 58%
Magic:  0/6        EV: 12    Int: 17    God:
Gold:   52         SH:  0    Dex: 10    Spells: 1 memorised, 6 levels left

rFire  x . .     SeeInvis .     a - +0 short sword
rCold  + . .     Clarity  .     e - +0 robe
rNeg   + + +     SustAt   .     (no shield)
rPois  ∞         Gourm    .     b - +0 hat
rElec  .         Spirit   .     (no cloak)
rCorr  .         Warding  .     (no gloves)
rMut   .         Stasis   .     (no boots)
MR     .....                    (no amulet)
Stlth  ++........               (no ring)
                                (no ring)

@: very slightly contaminated, not resistant to hostile enchantments, unstealthy
A: no food or potions, fire vulnerability, cold resistance 1, negative energy
resistance 3, torment resistance, unbreathing
a: no special abilities


You were on level 1 of the Dungeon.
You were not hungry.

You visited 1 branch of the dungeon, and saw 1 of its levels.

You collected 52 gold pieces.

Inventory:

Hand Weapons
 a - a +0 short sword (weapon)
 h - a +0 club
Armour
 b - a +0 hat (worn)
 e - a +0 robe (worn)
Scrolls
 d - a scroll of immolation {unknown}
 f - a scroll of fog {unknown}
 g - a scroll of enchant armour {unknown}
 i - a scroll of fear {unknown}
 j - a scroll of enchant weapon {unknown}
Books
 c - a book of Minor Magic

   Spells                             Type                      Level
   a - Magic Dart                     Conjuration                  1
   b - Blink                          Translocation                2
   c - Call Imp                       Summoning                    2
   d - Repel Missiles                 Charms/Air                   2
   e - Slow                           Hexes                        2
   f - Conjure Flame                  Conjuration/Fire             3
   g - Mephitic Cloud                 Conjuration/Poison/Air       3


   Skills:
 - Level 1.5 Dodging
 - Level 1.5 Stealth
 + Level 3.2 Spellcasting
 * Level 1.7 Conjurations
   Level 0.7 Summonings
   Level 0.7 Translocations


You had 6 spell levels left.
You knew the following spells:

 Your Spells              Type           Power        Failure   Level  Hunger
a - Magic Dart            Conj           #...         10%         1    N/A

Dungeon Overview and Level Annotations

Branches:
Dungeon (1/15)

Altars:


Innate Abilities, Weirdness & Mutations

You do not eat or drink.
Your flesh is vulnerable to fire.
You are immune to poison.
Your flesh is cold resistant.
You are immune to negative energy.
You are immune to unholy pain and torment.
You can survive without breathing.


Message History

Confirm with . or Enter, or press ? or * to list all spells.
Aiming: Magic Dart
Press: ? - help, Shift-Dir - straight line, f - giant gecko
Aim: a giant gecko (clinging)
The magic dart hits the giant gecko.
The giant gecko is lightly wounded.
The giant gecko barely misses you.
The rat bites the plant but does no damage.
Casting: Magic Dart
Confirm with . or Enter, or press ? or * to list all spells.
Aiming: Magic Dart
Press: ? - help, Shift-Dir - straight line, f/p - giant gecko
Aim: a giant gecko (clinging)
You miscast Magic Dart.
Nothing appears to happen.
The giant gecko bites you but does no damage.
The rat bites the plant but does no damage.
Things that are here:
a club; a kobold corpse The giant gecko bites you.
You die...

######### #.(.....#
###(#####.#
♣♣P#.PP♣##.#
♣PP...PP♣#.#
♣#.....P♣#.##########
♣...@)..♣#...........
♣..l§...♣#####.......
♣..)r..≈P# #........
#P...÷.### #.....(..
##P...PP♣ #......(.
♣PP###†## #.%....(.
#PP#...#P# #.....)..
#PPP...P#♣ ##.......
##♣PP.PP♣
####.......!


You could see a giant gecko and a rat.

Vanquished Creatures
  3 giant geckos (D:1)
  A bat (D:1)
  3 goblins (D:1)
  A hobgoblin (D:1)
  7 kobolds (D:1)
  2 rats (D:1)
17 creatures vanquished.

Vanquished Creatures (others)
  A plant (D:1)
1 creature vanquished.

Grand Total: 18 creatures vanquished

Notes
Turn   | Place    | Note
--------------------------------------------------------------
     0 | D:1      | Khazaran the Mummy Wizard began the quest for the Orb.
     0 | D:1      | Reached XP level 1. HP: 13/13 MP: 4/4
   119 | D:1      | Reached skill level 1 in Conjurations
   273 | D:1      | Reached XP level 2. HP: 17/19 MP: 0/6
   927 | D:1      | Slain by a giant gecko

Action                   || total
-------------------------++-------
Melee: Unarmed           ||     5
       Short sword       ||    21
 Cast: Magic Dart        ||    39
